| TOP OF THE 1ST |
|
Geneva Red Legs batting - Pitching for Utica Blue Jays : RHP Julio Nunez
|
|
Pitching: RHP Julio Nunez
|
|
|
Batting: RHB Bob Brower
|
0-0: Called Strike 0-1: Ball 1-1: Foul Ball, location: 2F 1-2: Strikes out looking
|
|
Batting: LHB Orsino Hill
|
0-0: Foul Ball, location: 2F 0-1: Ball 1-1: Ball 2-1: Foul Ball, location: 2F 2-2: Strikes out swinging
|
|
Batting: LHB Mike Kingery
|
0-0: Fly out, F4 (Line Drive, 4, EV 66.3 MPH)
|
| Top of the 1st over - 0 runs, 0 hits, 0 errors, 0 left on base; Geneva 0 - Utica 0 |
| BOTTOM OF THE 1ST |
|
Utica Blue Jays batting - Pitching for Geneva Red Legs : RHP Roland Mozzafiato
|
|
Pitching: RHP Roland Mozzafiato
|
|
|
Batting: RHB Ed Allen
|
0-0: Ball 1-0: Ball 2-0: Swinging Strike 2-1: Ground out 6-3 (Groundball, 6, EV 88.1 MPH)
|
|
Batting: SHB Manuel Lee
|
0-0: Fly out, F8 (Line Drive, 8LD, EV 98.8 MPH)
|
|
Batting: RHB Jose Gonzalez
|
0-0: Fly out, F8 (Flyball, 8LM, EV 87.5 MPH)
|
| Bottom of the 1st over - 0 runs, 0 hits, 0 errors, 0 left on base; Geneva 0 - Utica 0 |
| TOP OF THE 2ND |
|
Geneva Red Legs batting - Pitching for Utica Blue Jays : RHP Julio Nunez
|
|
Batting: SHB Juan Castillo
|
0-0: Ball 1-0: Called Strike 1-1: Foul Ball, location: 2F 1-2: Foul Ball, location: 2F 1-2: Foul Ball, location: 2F 1-2: Ball 2-2: Fly out, F8 (Flyball, 89XD, EV 88.8 MPH)
|
|
Batting: LHB Louis Sottile
|
0-0: Ball 1-0: Fly out, F6 (Popup, 4MD, EV 43.1 MPH)
|
|
Pitching: RHP Christian Fedor
|
|
|
Batting: RHB Robby Thompson
|
0-0: DOUBLE (Flyball, 8LXD, EV 105.6 MPH)
|
|
Batting: LHB Juan Araujo
|
0-0: Ball 1-0: Called Strike 1-1: Called Strike 1-2: Strikes out swinging
|
| Top of the 2nd over - 0 runs, 1 hit, 0 errors, 1 left on base; Geneva 0 - Utica 0 |
| BOTTOM OF THE 2ND |
|
Utica Blue Jays batting - Pitching for Geneva Red Legs : RHP Roland Mozzafiato
|
|
Batting: RHB James McGilvray
|
0-0: Ball 1-0: SINGLE (Line Drive, 9LS, EV 106.3 MPH)
|
|
Batting: RHB Ricky Jordan
|
0-0: Ball 1-0: Swinging Strike 1-1: Fly out, F8 (Flyball, 8LS, EV 90.0 MPH)
|
|
Batting: RHB Pete Kumiega
|
0-0: Fly out, F8 (Flyball, 78M, EV 91.9 MPH)
|
|
Batting: RHB Eddie Santiago
|
0-0: Called Strike 0-1: Called Strike 0-2: Fly out, F5 (Popup, 5S, EV 69.4 MPH)
|
| Bottom of the 2nd over - 0 runs, 1 hit, 0 errors, 1 left on base; Geneva 0 - Utica 0 |
| TOP OF THE 3RD |
|
Geneva Red Legs batting - Pitching for Utica Blue Jays : RHP Christian Fedor
|
|
Batting: RHB Bubba Holland
|
0-0: Ball 1-0: Foul Ball, location: 2F 1-1: Called Strike 1-2: Ball 2-2: SINGLE (Line Drive, 56D, EV 103.8 MPH)
|
|
Batting: RHB Danny Reyes
|
0-0: Foul Ball, location: 2F 0-1: SINGLE (Line Drive, 8RS, EV 100.0 MPH) Bubba Holland to second
|
|
Batting: RHB Bob Brower
|
0-0: 3-RUN HOME RUN (Flyball, 7D, EV 111.3 MPH), Distance : 388 ft
|
|
Batting: LHB Orsino Hill
|
0-0: Ball 1-0: Foul Ball, location: 2F 1-1: Called Strike 1-2: Strikes out swinging
|
|
Batting: LHB Mike Kingery
|
0-0: Ball 1-0: Ball 2-0: Ball 3-0: Base on Balls
|
|
Batting: SHB Juan Castillo
|
0-0: Ball 1-0: Fielders Choice at 2nd, 6-4 (Groundball, 6, EV 89.4 MPH)
|
|
Batting: LHB Louis Sottile
|
0-0: Called Strike Juan Castillo steals 2nd base (no throw) 0-1: Foul Ball, location: 2F 0-2: Strikes out looking
|
| Top of the 3rd over - 3 runs, 3 hits, 0 errors, 1 left on base; Geneva 3 - Utica 0 |
| BOTTOM OF THE 3RD |
|
Utica Blue Jays batting - Pitching for Geneva Red Legs : RHP Roland Mozzafiato
|
|
Batting: RHB Rafael Quezada
|
0-0: Ball 1-0: Foul Ball, location: 2F 1-1: Ball 2-1: Foul Ball, location: 2F 2-2: Foul Ball, location: 2F 2-2: Ball 3-2: Ground out U3 (Groundball, 34, EV 87.5 MPH)
|
|
Batting: RHB Gustavo Hernandez
|
0-0: Ground out 5-3 (Groundball, 56S, EV 82.5 MPH)
|
|
Batting: RHB Ed Allen
|
0-0: Fly out, F9 (Flyball, 89D, EV 103.8 MPH)
|
| Bottom of the 3rd over - 0 runs, 0 hits, 0 errors, 0 left on base; Geneva 3 - Utica 0 |
| TOP OF THE 4TH |
|
Geneva Red Legs batting - Pitching for Utica Blue Jays : RHP Christian Fedor
|
|
Batting: RHB Robby Thompson
|
0-0: Foul Ball, location: 2F 0-1: Swinging Strike 0-2: Strikes out swinging
|
|
Batting: LHB Juan Araujo
|
0-0: Called Strike 0-1: Fly out, F2 (Popup, 2RF, EV 89.4 MPH)
|
|
Batting: RHB Bubba Holland
|
0-0: Foul Ball, location: 2F 0-1: Called Strike 0-2: Ball 1-2: Ball 2-2: Strikes out swinging
|
| Top of the 4th over - 0 runs, 0 hits, 0 errors, 0 left on base; Geneva 3 - Utica 0 |
| BOTTOM OF THE 4TH |
|
Utica Blue Jays batting - Pitching for Geneva Red Legs : RHP Roland Mozzafiato
|
|
Batting: SHB Manuel Lee
|
0-0: Ball 1-0: Swinging Strike 1-1: Ground out 6-3 (Groundball, 6, EV 98.8 MPH)
|
|
Batting: RHB Jose Gonzalez
|
0-0: Ball 1-0: Foul Ball, location: 2F 1-1: Called Strike 1-2: Fly out, F7 (Flyball, 78D, EV 85.6 MPH)
|
|
Batting: RHB James McGilvray
|
0-0: Called Strike 0-1: Ball 1-1: Fly out, F8 (Flyball, 8LM, EV 88.8 MPH)
|
| Bottom of the 4th over - 0 runs, 0 hits, 0 errors, 0 left on base; Geneva 3 - Utica 0 |
| TOP OF THE 5TH |
|
Geneva Red Legs batting - Pitching for Utica Blue Jays : RHP Christian Fedor
|
|
Batting: RHB Danny Reyes
|
0-0: Called Strike 0-1: Ball 1-1: Foul Ball, location: 2F 1-2: Strikes out swinging
|
|
Batting: RHB Bob Brower
|
0-0: Ball 1-0: Fly out, F8 (Flyball, 8LXD, EV 92.5 MPH)
|
|
Batting: LHB Orsino Hill
|
0-0: Ball 1-0: Called Strike 1-1: Ball 2-1: Ball 3-1: Fly out, F7 (Line Drive, 7, EV 110.6 MPH)
|
| Top of the 5th over - 0 runs, 0 hits, 0 errors, 0 left on base; Geneva 3 - Utica 0 |
| BOTTOM OF THE 5TH |
|
Utica Blue Jays batting - Pitching for Geneva Red Legs : RHP Roland Mozzafiato
|
|
Batting: RHB Ricky Jordan
|
0-0: Ball 1-0: Fly out, F9 (Flyball, 89XD, EV 104.4 MPH)
|
|
Batting: RHB Pete Kumiega
|
0-0: Swinging Strike 0-1: Ball 1-1: SINGLE (Groundball, 6MD, EV 97.5 MPH)
|
|
Batting: RHB Eddie Santiago
|
0-0: Ball 1-0: Fielders Choice at 2nd, 1-6 (Groundball, 13S, EV 73.1 MPH)
|
|
Batting: RHB Rafael Quezada
|
0-0: Ball 1-0: Swinging Strike 1-1: Ball 2-1: Ball 3-1: Swinging Strike 3-2: SINGLE (Groundball, 4MD, EV 86.3 MPH) (infield hit) Eddie Santiago to second
|
|
Batting: RHB Gustavo Hernandez
|
0-0: Ground out 4-3 (Groundball, 34, EV 98.8 MPH)
|
| Bottom of the 5th over - 0 runs, 2 hits, 0 errors, 2 left on base; Geneva 3 - Utica 0 |
| TOP OF THE 6TH |
|
Geneva Red Legs batting - Pitching for Utica Blue Jays : RHP Christian Fedor
|
|
Batting: LHB Mike Kingery
|
0-0: Called Strike 0-1: SINGLE (Groundball, 5L, EV 90.0 MPH) (infield hit)
|
|
Batting: SHB Juan Castillo
|
0-0: Ball Mike Kingery is caught stealing 2nd base 2-6 1-0: Ground out 6-3 (Groundball, 6, EV 87.5 MPH)
|
|
Batting: LHB Louis Sottile
|
0-0: Called Strike 0-1: Ball 1-1: Ball 2-1: Ball 3-1: Foul Ball, location: 2F 3-2: Base on Balls
|
|
Pitching: RHP Steve Ziem
|
|
|
Batting: RHB Robby Thompson
|
0-0: Called Strike 0-1: Ball 1-1: Ball 2-1: Ball 3-1: Called Strike 3-2: Fly out, F3 (Popup, 23, EV 90.0 MPH)
|
| Top of the 6th over - 0 runs, 1 hit, 0 errors, 1 left on base; Geneva 3 - Utica 0 |
| BOTTOM OF THE 6TH |
|
Utica Blue Jays batting - Pitching for Geneva Red Legs : RHP Roland Mozzafiato
|
|
Batting: RHB Ed Allen
|
0-0: Called Strike 0-1: Ball 1-1: SINGLE (Groundball, 6MS, EV 68.8 MPH) (infield hit)
|
|
Batting: SHB Manuel Lee
|
0-0: Ball Ed Allen steals 2nd, throwing error, E2 Ed Allen to third 1-0: Ball 2-0: Ground out 3-1 (Groundball, 34, EV 84.4 MPH) Ed Allen scores
|
|
Batting: RHB Jose Gonzalez
|
0-0: Foul Ball, location: 2F 0-1: Ball 1-1: Swinging Strike 1-2: Strikes out swinging
|
|
Batting: RHB James McGilvray
|
0-0: Ground out U3 (Groundball, 3L, EV 103.1 MPH)
|
| Bottom of the 6th over - 1 run, 1 hit, 1 error, 0 left on base; Geneva 3 - Utica 1 |
| TOP OF THE 7TH |
|
Geneva Red Legs batting - Pitching for Utica Blue Jays : RHP Steve Ziem
|
|
Batting: LHB Juan Araujo
|
0-0: Called Strike 0-1: Ball 1-1: Ground out 4-3 (Groundball, 4, EV 88.1 MPH)
|
|
Batting: RHB Bubba Holland
|
0-0: Fly out, F6 (Popup, 56D, EV 60.0 MPH)
|
|
Batting: RHB Danny Reyes
|
0-0: Ball 1-0: Foul Ball, location: 2F 1-1: Called Strike 1-2: Ball 2-2: Foul Ball, location: 2F 2-2: Foul Ball, location: 2F 2-2: Fly out, F6 (Flyball, 5D, EV 83.8 MPH)
|
| Top of the 7th over - 0 runs, 0 hits, 0 errors, 0 left on base; Geneva 3 - Utica 1 |
| BOTTOM OF THE 7TH |
|
Utica Blue Jays batting - Pitching for Geneva Red Legs : RHP Roland Mozzafiato
|
|
Batting: RHB Ricky Jordan
|
0-0: Swinging Strike 0-1: Swinging Strike 0-2: Ball 1-2: Ball 2-2: Foul Ball, location: 2F 2-2: Ball 3-2: Foul Ball, location: 2F 3-2: Fly out, F9 (Line Drive, 9D, EV 91.9 MPH)
|
|
Batting: RHB Pete Kumiega
|
0-0: Called Strike 0-1: Ball 1-1: Ball 2-1: Ground out 6-3 (Groundball, 6, EV 95.0 MPH)
|
|
Batting: RHB Eddie Santiago
|
0-0: Ball 1-0: Ground out 5-3 (Groundball, 56S, EV 70.6 MPH)
|
| Bottom of the 7th over - 0 runs, 0 hits, 0 errors, 0 left on base; Geneva 3 - Utica 1 |
| TOP OF THE 8TH |
|
Geneva Red Legs batting - Pitching for Utica Blue Jays : RHP Steve Ziem
|
|
Batting: RHB Bob Brower
|
0-0: Ball 1-0: Foul Ball, location: 2F 1-1: SINGLE (Groundball, 6D, EV 98.8 MPH)
|
|
Batting: LHB Orsino Hill
|
0-0: Called Strike 0-1: Ball 1-1: Ball 2-1: Foul Ball, location: 2F 2-2: SINGLE (Groundball, 25, EV 68.8 MPH) (infield hit) Bob Brower to second
|
|
Batting: LHB Mike Kingery
|
0-0: Called Strike Bob Brower is caught stealing 3rd base 2-5 0-1: Called Strike 0-2: Ball 1-2: Foul Ball, location: 2F 1-2: Fielders Choice at 2nd, 5-4 (Groundball, 56, EV 105.0 MPH)
|
|
Batting: SHB Juan Castillo
|
0-0: Ball 1-0: Ball 2-0: Called Strike 2-1: Ball 3-1: Base on Balls Mike Kingery to second
|
|
Batting: LHB Louis Sottile
|
0-0: Called Strike 0-1: Swinging Strike 0-2: Strikes out swinging
|
| Top of the 8th over - 0 runs, 2 hits, 0 errors, 2 left on base; Geneva 3 - Utica 1 |
| BOTTOM OF THE 8TH |
|
Utica Blue Jays batting - Pitching for Geneva Red Legs : RHP Roland Mozzafiato
|
|
Now at 1B: Ricky Velasquez
|
|
|
Batting: RHB Rafael Quezada
|
0-0: Ball 1-0: Fly out, F8 (Line Drive, 8LD, EV 91.3 MPH)
|
|
Batting: RHB Gustavo Hernandez
|
0-0: Ball 1-0: Called Strike 1-1: Called Strike 1-2: Ball 2-2: Foul Ball, location: 2F 2-2: Foul Ball, location: 2F 2-2: SINGLE (Groundball, 56D, EV 101.9 MPH)
|
|
Batting: RHB Ed Allen
|
0-0: Ground out 4-3 (Groundball, 34D, EV 105.6 MPH) Gustavo Hernandez to second
|
|
Batting: SHB Manuel Lee
|
0-0: Ball 1-0: Ball 2-0: Ball 3-0: Base on Balls
|
|
Batting: RHB Jose Gonzalez
|
0-0: SINGLE (Line Drive, 89S, EV 91.9 MPH) Gustavo Hernandez to third Manuel Lee to second Runner from 3rd tries for Home, SAFE, throw by RF to home
|
|
Pinch Hitting: LHB Tom Reynolds
|
0-0: Ball 1-0: Called Strike 1-1: Ball 2-1: Foul Ball, location: 2F 2-2: Fly out, F4 (Popup, 23, EV 86.9 MPH)
|
| Bottom of the 8th over - 1 run, 2 hits, 0 errors, 2 left on base; Geneva 3 - Utica 2 |
| TOP OF THE 9TH |
|
Geneva Red Legs batting - Pitching for Utica Blue Jays : RHP Steve Ziem
|
|
Now at C: Robert Williamson
|
|
|
Batting: RHB Robby Thompson
|
0-0: Ball 1-0: Ball 2-0: Swinging Strike 2-1: Foul Ball, location: 2F 2-2: Ground out 5-3 (Groundball, 56S, EV 87.5 MPH)
|
|
Batting: LHB Juan Araujo
|
0-0: Ball 1-0: Called Strike 1-1: Ball 2-1: Ball 3-1: Ground out 4-3 (Groundball, 4, EV 87.5 MPH)
|
|
Pitching: LHP Joe Klink
|
|
|
Batting: RHB Bubba Holland
|
0-0: Foul Ball, location: 2F 0-1: Ball 1-1: Called Strike 1-2: Fly out, F8 (Flyball, 89D, EV 103.1 MPH)
|
| Top of the 9th over - 0 runs, 0 hits, 0 errors, 0 left on base; Geneva 3 - Utica 2 |
| BOTTOM OF THE 9TH |
|
Utica Blue Jays batting - Pitching for Geneva Red Legs : RHP Roland Mozzafiato
|
|
Pitching: RHP Rafael Cuevas
|
|
|
Pinch Hitting: SHB Delwyn Young
|
0-0: Called Strike 0-1: Ball 1-1: Ball 2-1: Foul Ball, location: 2F 2-2: Foul Ball, location: 2F 2-2: Ball 3-2: Base on Balls
|
|
Batting: LHB Kevin Bates
|
0-0: Swinging Strike 0-1: Foul Ball, location: 2F 0-2: Ball 1-2: Ball 2-2: Strikes out looking
|
|
Pinch Hitting: SHB Steve Roadcap
|
0-0: Ball 1-0: Ball 2-0: Ball 3-0: Called Strike 3-1: Base on Balls Delwyn Young to second
|
|
Pinch Hitting: RHB Allen Smoot
|
0-0: Ball Wild Pitch! Delwyn Young to third Steve Roadcap to second 1-0: Intentional Walk
|
|
Pitching: RHP Bill Davis
|
|
|
Pinch Hitting: LHB James Lumpe
|
0-0: Ball 1-0: Ball 2-0: Grounds into fielders choice 3-2 (Groundball, 34S, EV 63.8 MPH) Steve Roadcap to third Allen Smoot to second
|
|
Batting: RHB Ed Allen
|
0-0: Swinging Strike 0-1: SINGLE (Line Drive, 6M, EV 96.3 MPH) Steve Roadcap scores Allen Smoot to third James Lumpe to second Runner from 3rd tries for Home, SAFE, throw by CF to home
|
| Bottom of the 9th over - 2 runs, 1 hit, 0 errors, 0 left on base; Geneva 3 - Utica 4 |
|